 Dungeon Crawl Stone Soup version 0.28.0-53-g5a82cb258f (webtiles) character file.

Game seed: 4376847250488737260

8879 Legadrian the Fighter (level 11, -2/123 (144) HPs)
             Began as a Human Fighter on July 8, 2022.
             Was an Elder of Okawaru.
             Slain by a wraith (8 damage)
             ... led by Josephine
             ... on level 10 of the Dungeon.
             The game lasted 00:35:48 (15025 turns).

Legadrian the Fighter (Human Fighter)              Turns: 15025, Time: 00:35:49

HP:   -2/123 (144)  AC: 25    Str: 21    XL:     11   Next: 64%
MP:   10/11         EV:  2    Int:  6    God:    Okawaru [****..]
Gold: 363           SH:  8    Dex: 15    Spells: 10/10 levels left

rFire   + . .      SeeInvis .   u - +6 dagger (venom)
rCold   . . .      Faith    .   c - +2 buckler
rNeg    . . .      Spirit   .   (armour currently unavailable)
rPois   +          Reflect  .   (helmet currently unavailable)
rElec   .          Harm     .   (cloak currently unavailable)
rCorr   +          Rampage  .   (gloves currently unavailable)
Will    .....      NoTele   +   (boots currently unavailable)
Stlth   +.........              l - amulet of the acrobat
HPRegen 0.30/turn               F - ring of protection from fire
MPRegen 0.12/turn               I - ring of resist corrosion

@: tree-form, slowed, heavily drained, very slow
A: stationary, stasis, torment immunity, boosted hp, agile 1, (cold resistance
1), dopey 1, evolution 1
a: Renounce Religion, Heroism, Finesse


You were on level 10 of the Dungeon.
You worshipped Okawaru.
Okawaru was greatly pleased with you.
You were a tree.
You visited 2 branches of the dungeon, and saw 12 of its levels.

You collected 445 gold pieces.
You spent 82 gold pieces at shops.

Inventory:

Hand Weapons
 g - a +0 shortbow
 h - a +2 flail of draining
 m - a +3 dagger of draining
 o - a +4 dagger
 t - a +1 vampiric trident
 u - a +6 dagger of venom (weapon)
 A - a +2 short sword of freezing
 B - a +3 halberd of freezing
 C - a +2 dire flail of protection
Missiles
 f - 202 stones
 r - 178 arrows
 v - 2 curare-tipped darts
 y - 52 bolts
 z - 14 poisoned darts (quivered)
 E - 3 javelins
 J - 7 boomerangs
Armour
 b - a +0 scale mail
 c - a +2 buckler (worn)
 k - a +2 pair of gloves (melded)
 p - a +3 leather armour of poison resistance (melded)
Magical Staves
 x - a staff of air
Jewellery
 l - an amulet of the acrobat (around neck)
 F - a ring of protection from fire (left branch)
 I - a ring of resist corrosion (right branch)
Wands
 i - a wand of digging (6)
 n - a wand of flame (17)
 H - a wand of mindburst (7)
Scrolls
 d - 2 scrolls of blinking
 e - 2 scrolls of amnesia
 j - 3 scrolls of teleportation
 q - 3 scrolls of noise
 w - a scroll of torment
 G - a scroll of fog
Potions
 D - a potion of resistance


   Skills:
 + Level 12.6 Fighting
 - Level 10.6 Short Blades
 - Level 2.0 Maces & Flails
 - Level 3.0 Armour
 + Level 7.0 Shields


You had 10 spell levels left.
You didn't know any spells.
Your spell library contained the following spells:

 Spells                   Type           Power      Damage    Failure   Level
 Static Discharge         Conj/Air       0%         N/A       67%         2
 Frozen Ramparts          Ice            0%         1d2       88%         3
 Portal Projectile        Hex/Tloc       0%         N/A       88%         3
 Anguish                  Hex/Necr       0%         N/A       99%         4
 Dispel Undead            Necr           0%         3d6       99%         4
 Ice Form                 Ice/Tmut       0%         N/A       99%         4
 Leda's Liquefaction      Hex/Erth       0%         N/A       99%         4
 Sticky Flame             Conj/Fire      0%         2d3       99%         4
 Enfeeble                 Hex            0%         N/A       100%        7
 Summon Small Mammal      Summ           Unusable   N/A       N/A         1
 Call Canine Familiar     Summ           Unusable   N/A       N/A         3
 Summon Guardian Golem    Hex/Summ       Unusable   N/A       N/A         3
 Tukima's Dance           Hex            Unusable   N/A       N/A         3
 Summon Ice Beast         Ice/Summ       Unusable   N/A       N/A         4

Dungeon Overview and Level Annotations

Branches:
Dungeon (11/15)            Temple (1/1) D:6            Lair (0/6) D:11
    Orc: D:9-12

Altars:
Ashenzari
Cheibriados
Dithmenos
Elyvilon
Fedhas
Gozag
Hepliaklqana
Kikubaaqudgha
Makhleb
Nemelex Xobeh
Okawaru
Qazlal
Ru
Sif Muna
Trog
Uskayaw
Vehumet
Wu Jian
Xom
Yredelemnul
Zin
The Shining One

Shops:
D:2 (   D:4 ?   D:5 (**[=

Annotations:
D:9 2 transporters, nakriel's ghost, novice GnMo
D:11 Josephine


Innate Abilities, Weirdness & Mutations

You are a tree.
Your roots penetrate the ground, keeping you stationary.
You cannot be teleported.
You are immune to unholy pain and torment.
Your maximum health is greatly increased.
Your equipment is partially melded.
You are agile. (Dex +2)
((Your flesh is cold resistant. (rC+)))
You are dopey. (Int -2)
You have hidden genetic potential.


Message History

The wraith drains your vigour!
You feel as though you will be slow longer.
The wraith hits you.
* * * LOW HITPOINT WARNING * * *
The wraith drains your vigour!
You feel as though you will be slow longer.
You feel better. You block the wraith's attack. x2
The wraith barely misses you. The wraith hits you but does no damage.
Really quaff the potion of lignification?
Okay, then.
There are monsters nearby!
Really quaff the potion of lignification?
You turn into a tree.
Your +2 pair of gloves melds into your body.
Your +3 leather armour of poison resistance melds into your body.
You no longer feel resistant to poison.
Your roots penetrate the ground.
You block the wraith's attack. The wraith hits you but does no damage.
The wraith hits you.
* * * LOW HITPOINT WARNING * * *
The wraith completely misses you. The wraith hits you but does no damage.
You barely miss the wraith.
The wraith is lightly damaged.
The wraith hits you but does no damage. The wraith hits you.
* * * LOW HITPOINT WARNING * * *
The wraith drains your vigour!
You feel as though you will be slow longer.
You puncture the wraith!
The wraith is moderately damaged.
You feel like a meek peon again. The wraith hits you!
* * * LOW HITPOINT WARNING * * *
The wraith drains your vigour!
You feel as though you will be slow longer.
The wraith hits you but does no damage.
You hit the wraith but do no damage.
The wraith is moderately damaged.
The wraith hits you but does no damage. The wraith hits you!
* * * LOW HITPOINT WARNING * * *
The wraith hits you!
You die...

#............#........#....
#............#........#....
#.....##.....#........#....
##############........#....
#......#.....#........#....
#......#.....#........#....
#......'.....#........#....
##'##.#####W##........#####
#..#####..♣W...............
#......#.W.................
#......#...................
#......#...................
#'######......####.....####
#..###.##.....# #.....#...
#.......#.....# #.....#...
#.......#.....# #.....'...
#########.....# #.....####


You could see 3 wraiths.

Vanquished Creatures
  A hydra (D:8)
  A hornet (D:9)
  2 dream sheep (D:8)
  A shadow (D:6)
  A wraith (D:11)
  11 yaks
  A steam dragon (D:6)
  Edmund (D:6)
  An acid dragon (D:11)
  3 wargs
  2 water moccasins (D:7)
  Duvessa (D:7)
  4 orc warriors (D:9)
  3 black bears
  An ice beast (D:7)
  2 sky beasts
  2 ogres (D:4)
  6 centaurs
  A phantom (D:6)
  The ghost of SHADDY the Changer, an amateur OpTm (D:3)
  6 kobold brigands
  A gnoll sergeant (D:8)
  A bullfrog (D:8)
  A scorpion (D:5)
  A water moccasin zombie (D:6)
  Dowan (D:7)
  3 water moccasin skeletons
  7 wights
  3 electric eels (D:6)
  A howler monkey (D:10)
  A crimson imp (D:4)
  A bullfrog zombie (D:4)
  A hound (D:4)
  A centaur skeleton (D:4)
  A jelly (D:5)
  6 centaur zombies
  A bullfrog skeleton (D:4)
  5 orc priests
  4 iguanas
  10 orc wizards
  A killer bee zombie (D:7)
  2 hound zombies (D:4)
  A hound skeleton (D:4)
  7 gnolls
  6 adders
  2 howler monkey skeletons
  2 white imps
  3 adder zombies (D:4)
  An adder skeleton (D:5)
  4 dart slugs
  A worm (D:2)
  33 orcs
  5 endoplasms
  2 giant cockroaches
  2 goblins (D:2)
  7 hobgoblins
  2 quokkas (D:2)
  4 ball pythons
  2 bats (D:2)
  A frilled lizard (D:2)
  3 goblin skeletons (D:4)
  2 hobgoblin zombies (D:4)
  A jackal skeleton (D:4)
  15 kobolds
  A kobold skeleton (D:4)
  2 kobold zombies (D:4)
  2 orc zombies (D:4)
  A rat (D:2)
217 creatures vanquished.

Vanquished Creatures (others)
  A bullfrog skeleton (D:6)
  An orc (D:6)
  22 plants
24 creatures vanquished.

Grand Total: 241 creatures vanquished

Notes
Turn   | Place    | Note
-------+----------+-------------------------------------------
     0 | D:1      | Legadrian the Human Fighter began the quest for the Orb.
     0 | D:1      | Reached XP level 1. HP: 18/18 MP: 1/1
   424 | D:3      | Reached skill level 1 in Short Blades
   424 | D:3      | Reached XP level 2. HP: 12/24 MP: 2/2
   598 | D:3      | Reached XP level 3. HP: 13/30 MP: 3/3
   821 | D:4      | Reached skill level 4 in Fighting
   821 | D:4      | Reached XP level 4. HP: 30/37 MP: 4/4
  1011 | D:4      | Reached XP level 5. HP: 3/42 MP: 5/5
  1505 | D:4      | Found a glowing golden altar of the Shining One.
  1731 | D:4      | Reached XP level 6. HP: 12/50 MP: 6/6
  1978 | D:4      | Reached skill level 5 in Fighting
  2226 | D:3      | Found a hazy altar of Hepliaklqana.
  2354 | D:3      | Found a runed translucent gate.
  2478 | D:3      | Found an opulent altar of Gozag.
  2553 | D:3      | Found a shimmering altar of Xom.
  2725 | D:3      | Found a runed translucent gate.
  2725 | D:3      | Found a runed translucent gate.
  2729 | D:3      | Noticed SHADDY's ghost (amateur OpTm)
  2888 | D:3      | Killed SHADDY's ghost
  3118 | D:2      | Found Muquts's Weapon Shoppe.
  3668 | D:4      | Reached XP level 7. HP: 43/56 MP: 7/7
  4204 | D:4      | Reached skill level 6 in Fighting
  4204 | D:4      | Reached skill level 5 in Short Blades
  4337 | D:4      | Found Hetenieb's Magic Scroll Shop.
  4509 | D:4      | Found a burning altar of Makhleb.
  4632 | D:4      | Reached XP level 8. HP: 48/65 MP: 8/8
  4883 | D:4      | Bought a scroll of enchant armour for 82 gold pieces
  4930 | D:5      | Entered Level 5 of the Dungeon
  5142 | D:5      | Reached skill level 7 in Fighting
  5416 | D:5      | Found Votav's Antique Armour Emporium.
  5602 | D:5      | Found Juysuniwn's Jewellery Boutique.
  5862 | D:5      | Found Meti's Antique Weapon Boutique.
  5886 | D:5      | Found a snail-covered altar of Cheibriados.
  5887 | D:5      | Found a basalt altar of Yredelemnul.
  5912 | D:5      | Found a blossoming altar of Fedhas.
  6019 | D:5      | Found Fuurioti's General Store.
  6149 | D:5      | Found Cabo Hig's General Store.
  6360 | D:6      | Reached XP level 9. HP: 45/74 MP: 9/9
  6537 | D:6      | Reached skill level 8 in Fighting
  6751 | D:6      | Noticed Edmund
  6803 | D:6      | Killed Edmund
  7227 | D:6      | Found a staircase to the Ecumenical Temple.
  7246 | Temple   | Entered the Ecumenical Temple
  7338 | Temple   | Became a worshipper of Warmaster Okawaru
  7632 | D:7      | Reached skill level 9 in Fighting
  8440 | D:7      | Noticed Dowan
  8441 | D:7      | Noticed Duvessa
  8448 | D:7      | Killed Dowan
  8458 | D:7      | Killed Duvessa
  8458 | D:7      | Reached * piety under Okawaru
  8769 | D:7      | Reached XP level 10. HP: 74/84 MP: 10/10
  9081 | D:7      | Reached skill level 10 in Fighting
  9105 | D:7      | Gained mutation: Your flesh is cold resistant. (rC+)
                  | [potion of mutation]
  9105 | D:7      | Gained mutation: You have hidden genetic potential. [potion
                  | of mutation]
  9105 | D:7      | Gained mutation: You are dopey. (Int -2) [potion of
                  | mutation]
  9590 | D:8      | Reached ** piety under Okawaru
  9604 | D:8      | Reached skill level 10 in Short Blades
  9637 | D:8      | Noticed a three-headed hydra
  9652 | D:8      | Killed a three-headed hydra
  9653 | D:8      | Reached skill level 11 in Fighting
 10935 | D:8      | Reached *** piety under Okawaru
 11215 | D:8      | Reached XP level 11. HP: 92/93 MP: 11/11
 11614 | D:9      | Gained mutation: You are agile. (Dex +2) [hidden potential]
 11955 | D:9      | Reached skill level 5 in Shields
 11969 | D:9      | Noticed a manticore
 11970 | D:9      | Noticed a flayed ghost
 11975 | D:9      | Noticed nakriel's ghost (novice GnMo)
 11991 | D:9      | Found a transporter.
 11997 | D:9      | Found a transporter.
 12447 | D:10     | Entered Level 10 of the Dungeon
 12538 | D:9      | Reached **** piety under Okawaru
 12539 | D:9      | Reached skill level 12 in Fighting
 14726 | D:11     | Found a staircase to the Lair.
 14878 | D:11     | Noticed Josephine
 15018 | D:10     | HP: 3/82 [wraith[Josephine] (9)]
 15025 | D:10     | HP: 6/123 [wraith[Josephine] (9)]
 15025 | D:10     | Slain by a wraith

Illustrated notes

Levels and vault maps discovered:
D:1:      dpeg_arrival_line_fractal, layout_loops_ring,
          shapermc_ecumenical_altar_ellora, grunt_decor_junction, minivault_5,
          chequers_mini_garden
D:2:      layout_rooms, serial_shops, nicolae_shop_bloodbath_and_beyond
D:3:      layout_loops_ring, nicolae_hepliaklqana_hazy_memory,
          nicolae_gozag_seed_capital, xom_butterflies, ebering_ghost_rock_garden
D:4:      layout_loops_corners, makhleb_heckhound_becter,
          nicolae_tso_besieged_by_evil, enter_ossuary_2, serial_undead,
          serial_undead_f, serial_undead_c, serial_undead_f, serial_undead_d,
          serial_shops, shop_scrolls, kennysheep_flooded_box,
          kennysheep_generic_room_14
D:5:      nicolae_BIG_FREAKIN_CUBE, layout_loops_corners,
          chequers_temple_overflow_statue_of_worship, serial_shops,
          nicolae_shop_statue_plus, nicolae_shop_hallway_plus, shop,
          nicolae_shop_hallway_stairs, shop_fountains
D:6:      layout_rooms, minmay_temple_entry_enclosed_plants, serial_bayou,
          serial_bayou_pond_e, serial_bayou_pond_b, serial_bayou_ford_a,
          serial_bayou_lagoon_a, uniq_edmund
D:7:      minmay_chambers_of_fours, layout_basic, uniq_duvessa
D:8:      layout_gridville, hangedman_ranch
D:9:      layout_loops_ring, gammafunk_ghost_arena
D:10:     layout_gridville
D:11:     layout_rooms, erik_lair_orcish_takeover, uniq_josephine, uniq_snorg
Temple:   eino_temple_water

Skill      XL: |  1  2  3  4  5  6  7  8  9 10 11 |
---------------+----------------------------------+-----
Short Blades   | 1 2 3 4 5 7 9 10 | 10.6
Fighting       | 4 5 6 7 9 11 12 | 12.6
Shields        | 4 7 |  7.0
Maces & Flails | |  2.0
Armour         | |  3.0

Action                   |  1- 3 |  4- 6 |  7- 9 | 10-12 || total
-------------------------+-------+-------+-------+-------++-------
Melee: Short sword       |    26 |   247 |       |       ||   273
       Flail             |     1 |       |       |       ||     1
       Dagger            |       |    18 |   465 |   567 ||  1050
Throw: Dart              |       |       |       |     5 ||     5
Invok: Heroism           |       |       |       |     4 ||     4
  Use: Potion            |     3 |       |     1 |     8 ||    12
       Scroll            |       |       |    13 |     5 ||    18
 Stab: Sleeping          |       |       |     1 |       ||     1
Armor: Scale mail        |     8 |    95 |       |       ||   103
       Leather armour    |       |       |   155 |   131 ||   286
       Skin              |       |       |       |     5 ||     5
Dodge: Dodged            |     6 |    97 |   190 |   176 ||   469
Block: Buckler           |     4 |    44 |    61 |   136 ||   245
